 Dungeon Crawl Stone Soup version 0.31.0-11-ge490571c62 (webtiles) character file.

Game seed: 15350627164861521427

10976 Flugkiller the Thaumaturge (level 11, 15/55 HPs)
             Began as a Vine Stalker Ice Elementalist on Feb 1, 2024.
             Was a Priest of Sif Muna.
             Quit the game on level 11 of the Dungeon.
             The game lasted 00:25:16 (3355 turns).

Flugkiller the Thaumaturge (VSIE)                   Turns: 3355, Time: 00:25:16

Health: 15/55      AC:  6    Str:  8    XL:     11   Next: 70%
Magic:  8/36       EV: 13    Int: 19    God:    Sif Muna [***...]
Gold:   352        SH:  0    Dex: 18    Spells: 16/33 levels left

rFire   . . .        l - +6 flail "Guegoh" {venom, Will+ Str-2 Dex+2}
rCold   . . .        y - orb {*channel}
rNeg    . . .        H - +0 troll leather armour
rPois   .            L - +0 helmet
rElec   .            f - +1 cloak
rCorr   .            (no gloves)
SInv    .            (no boots)
Will    ++...        (no amulet)
Stlth   ++           J - ring of magical power
HPRegen 1.89/turn    z - ring of wizardry
MPRegen 0.25/turn

%: guardian spirit, wizardry (x1), channel magic (20%)
@: spiked, very slightly contaminated
A: fangs 3, regeneration 1, magic shield, antimagic bite, no potion heal 2
a: Renounce Religion, Channel Magic, Forget Spell


You were on level 11 of the Dungeon.
You worshipped Sif Muna.
Sif Muna was most pleased with you.
You visited 2 branches of the dungeon, and saw 12 of its levels.

You collected 352 gold pieces.

Inventory:

Hand Weapons
 c - a +4 quarterstaff of chaos
   (You took it off Crazy Yiuf on level 3 of the Dungeon)
 d - a +2 short sword of speed
   (You took it off a kobold on level 1 of the Dungeon)
 i - a +0 dagger of venom
   (You took it off an orc wizard on level 3 of the Dungeon)
 l - the +6 flail "Guegoh" (weapon) {venom, Will+ Str-2 Dex+2}
   (You found it on level 4 of the Dungeon)

   Str-2:     It affects your strength (-2).
   Dex+2:     It affects your dexterity (+2).
   Will+:     It increases your willpower.
 m - a +0 rapier of speed
   (You took it off Eustachio on level 6 of the Dungeon)
 s - a +3 heavy flail
   (You took it off Edmund on level 5 of the Dungeon)
 x - a +2 trident of draining
   (You took it off Jeremiah on level 6 of the Dungeon)
 D - a +1 whip of distortion
   (You took it off a gnoll on level 7 of the Dungeon)
Armour
 a - a +0 robe
 f - a +1 cloak (worn)
   (You took it off Crazy Yiuf on level 3 of the Dungeon)
 o - a +0 buckler
   (You found it on level 4 of the Dungeon)
 u - a +3 leather armour of cold resistance
   (You took it off Eustachio on level 6 of the Dungeon)
 v - +0 acid dragon scales
   (You found it on level 6 of the Dungeon)
 y - an orb of energy (worn)
   (You took it off Jeremiah on level 6 of the Dungeon)
 C - a +2 ring mail of cold resistance
   (You took it off Joseph on level 7 of the Dungeon)
 H - a +0 troll leather armour (worn)
   (You found it on level 10 of the Dungeon)
 L - a +0 helmet (worn)
   (You found it on level 10 of the Dungeon)
Magical Staves
 r - a staff of alchemy
   (You found it on level 9 of the Dungeon)
Jewellery
 p - a ring of protection from fire
   (You took it off a hobgoblin on level 3 of the Dungeon)
 z - a ring of wizardry (right hand)
   (You found it on level 6 of the Dungeon)
 J - a ring of magical power (left hand)
   (You took it off Erica on level 10 of the Dungeon)
Talismans
 e - a beast talisman
   (You found it on level 2 of the Dungeon)
Wands
 g - a wand of polymorph (11)
   (You took it off Edmund on level 5 of the Dungeon)
 K - a wand of flame (7)
   (You took it off Psyche on level 10 of the Dungeon)
Scrolls
 h - 2 scrolls of fog
 k - 2 scrolls of noise
 B - 2 scrolls of amnesia
 F - a scroll of revelation
 G - a scroll of enchant armour
Potions
 b - a potion of magic
 j - a potion of invisibility
 n - a potion of berserk rage {unknown}
 q - 5 potions of curing
 w - 2 potions of brilliance
 A - a potion of mutation {unknown}
 E - 2 potions of lignification {unknown}


   Skills:
 - Level 5.0 Fighting
 - Level 4.0 Dodging
 - Level 2.4 Stealth
 + Level 11.5 Spellcasting
 * Level 7.5 Summonings
 - Level 8.0 Ice Magic
 - Level 7.0 Invocations


You had 16 spell levels left.
You knew the following spells:

 Your Spells              Type           Power      Damage    Failure   Level
a - Freeze                Ice            100%       1d10      1%          1
b - Frozen Ramparts       Ice            82%        1d13      2%          3
c - Ozocubu's Armour      Ice            41%        N/A       2%          3
d - Summon Ice Beast      Ice/Summ       40%        N/A       2%          3
e - Summon Cactus Giant   Summ           19%        N/A       41%         6
q - Apportation           Tloc           20%        N/A       10%         1

Your spell library contained the following spells:

 Spells                   Type           Power      Damage    Failure   Level
 Summon Small Mammal      Summ           100%       N/A       1%          1
 Call Canine Familiar     Summ           39%        N/A       2%          3
 Necrotise                Necr           40%        1d6       10%         1
 Sting                    Conj/Alch      40%        1d5       10%         1
 Scorch                   Fire           20%        2d5       13%         2
 Summon Blazeheart Golem  Fire/Summ      25%        N/A       17%         4
 Sigil of Binding         Hex            10%        N/A       22%         3
 Dimensional Bullseye     Hex/Tloc       5%         N/A       52%         4
 Flame Wave               Conj/Fire      10%        2d6       52%         4


Dungeon Overview and Level Annotations

Branches:
Dungeon (11/15) Zot: 26719  Temple (1/1) D:7 Zot: 5978     Orc (0/2) D:11
   Lair: D:8-11

Altars:
Cheibriados
Dithmenos
Elyvilon
Fedhas
Gozag
Hepliaklqana
Kikubaaqudgha
Makhleb
Nemelex Xobeh
Okawaru
Qazlal
Sif Muna
Trog
Uskayaw
Vehumet
Wu Jian
Xom
Zin
The Shining One

Shops:
D:3 ?


Innate Abilities, Weirdness & Mutations

You have razor-sharp teeth.
Your natural rate of healing is unusually fast.
When hurt, damage is shared between your health and your magic reserves.
Your bite disrupts and absorbs the magic of your enemies.
Potions cannot restore your health.


Message History

Unknown command.
You feel sick.
The centaur shoots an arrow.
The arrow hits you!
The manticore flicks its tail.
The volley of spikes skewers your ice beast.
Your ice beast hits the manticore but does no damage.
Unknown command.
You feel sick.
The centaur unwields a +0 orcbow.
The centaur hits you. The centaur barely misses you.
Something bites your ice beast!
Your ice beast dies!
Your ice beast disappears in a puff of smoke!
Unknown command.
You closely miss the centaur. You bite the centaur, but do no damage.
You feel sick. The centaur closely misses you.
The centaur kicks you but does no damage.
The gnoll hits you but does no damage.
You are more poisoned.
The centaur barely misses you. x2
The gnoll hits you from afar with a +0 spear of venom.
You are more poisoned.
Unknown command.
Casting: Summon Ice Beast (dangerous; 2% risk of failure)
Confirm with . or Enter, or press ? or * to list all spells.
The walls around you are covered in ice.
You feel very sick.
The wall freezes the centaur.
The centaur barely misses you.
The centaur kicks you but does no damage.
The wall freezes the centaur!
The centaur hits you.
The centaur kicks you but does no damage.
The wall freezes the gnoll!
The gnoll barely misses you.
Casting: Frozen Ramparts (dangerous; 2% risk of failure)
Confirm with . or Enter, or press ? or * to list all spells.
A film of ice covers your body!
You feel very sick.
The wall freezes the centaur but does no damage.
The centaur hits you. The centaur barely misses you.
The wall freezes the gnoll but does no damage.
The gnoll closely misses you.
You hit the centaur. Your bite misses the centaur.
The centaur is almost dead.
You feel very sick.
The wall freezes the centaur but does no damage.
The centaur barely misses you.
The centaur kicks you but does no damage.
The manticore flicks its tail.
The volley of spikes skewers you!
The barbed spikes become lodged in your body.
* * * LOW HITPOINT WARNING * * *
The wall freezes the centaur.
The centaur misses you. x2
The wall freezes the gnoll.
The gnoll barely misses you.
The manticore flicks its tail.
The volley of spikes misses you.
Unknown command.
You thump the centaur!
You kill the centaur!
Sif Muna accepts your kill.
You feel very sick.
The wall freezes the gnoll.
The gnoll barely misses you.
The manticore flicks its tail.
The volley of spikes skewers you.
The barbed spikes become lodged in your body.
* * * LOW HITPOINT WARNING * * *
Unknown command.
Okay, then.
Aiming: Polymorph
Press: ? - help, Shift-Dir - straight line, f - manticore
Aim: a manticore (will become a swamp dragon, a moth of wrath, or a hornet, chance to affect: 31%)
The manticore easily resists.
The vampire mosquito buzzes angrily.
You feel sick.
You hear an angry buzzing noise.
The wall freezes the gnoll!
You kill the gnoll!
Sif Muna accepts your kill.
As you read the scroll of teleportation, it crumbles to dust.
You feel strangely unstable.
You feel sick.
Unknown command.
Your system rejects the healing.
You feel better.
The wall freezes the vampire mosquito!
You hit the vampire mosquito. You bite the vampire mosquito.
You drain its power.
You feel invigorated.
The vampire mosquito is heavily damaged.
Your surroundings suddenly seem different.
Your icy armour cracks and falls away as you move.
The frozen ramparts melt away as you move.
Found a scroll of teleportation.
Unknown command.
Casting: Ozocubu's Armour (dangerous; 2% risk of failure)
Confirm with . or Enter, or press ? or * to list all spells.
You miscast Summon Cactus Giant.
You are very lightly contaminated with residual magic.
A chorus of moans calls out in your mind.
Magical energy flows into your mind!
A nameless horror comes into view.
Okay, then.
Casting: Summon Cactus Giant (extremely dangerous; 41% risk of failure)
Confirm with . or Enter, or press ? or * to list all spells.
You miscast Summon Cactus Giant.
Distant voices call out in your mind. Magical energy flows into your mind!
A nameless horror comes into view.
Are you sure you want to abandon this character and quit the game? (Confirm with "yes".)

?.#.## ## #. . #..... #. .####.
##### .#...... ..###....# .....
........##..##..c.# .# ...?.
.........#..##....##.# .....
.........X..>...#..#.### .....##
......X#..y.....$# .....
..........##....@.y..####.###....
).........##....#.....>.#..)#....
##.................#.##....H.....
y.................##.######..%...
............##..####..# ###....
>...........##..# #..# #....
......y.........# ##..### ##...
.......=........# #.....# ...
....h...........#...###.# #(.


You could see 2 nameless horrors and 2 vampire mosquitoes.

Vanquished Creatures
  Erica (D:10)
  Pikel (D:7)
  A manticore (D:11)
  Joseph (D:7)
  Psyche (D:10)
  2 trolls (D:10)
  Grinder (D:6)
  Sigmund (D:5)
  A shadow (D:11)
  15 yaks
  A wraith (D:11)
  Eustachio (D:6)
  Edmund (D:5)
  2 acid dragons
  2 water moccasins
  Duvessa (D:7)
  5 orc warriors
  An ice beast (D:7)
  A black bear (D:7)
  5 centaurs
  2 wolves (D:8)
  2 lemures (D:7)
  2 phantoms
  A bullfrog (D:7)
  3 gnoll sergeants
  3 scorpions
  3 wights (D:6)
  Dowan (D:7)
  10 killer bees (D:9)
  2 howler monkeys
  A bombardier beetle (D:5)
  4 hounds
  2 gnoll boudas
  6 orc priests
  A jelly (D:6)
  2 iguanas (D:5)
  13 orc wizards
  18 gnolls
  6 adders
  2 white imps (D:6)
  3 dart slugs
  3 ribbon worms
  42 orcs
  2 endoplasms
  3 giant cockroaches
  4 goblins
  3 hobgoblins
  4 ball pythons
  7 bats
  2 frilled lizards (D:3)
  8 kobolds
210 creatures vanquished.

Vanquished Creatures (collateral kills)
  A two-headed ogre (D:10)
  Jeremiah (D:6)
  A yak (D:10)
  Grum (D:8)
  An ogre (D:6)
  A kobold brigand (D:11)
  A wight (D:6)
  An electric eel (D:10)
  A bombardier beetle (D:6)
  Crazy Yiuf (D:3)
  An orc priest (D:11)
  A gnoll (D:10)
  An adder (D:6)
  2 orcs (D:11)
15 creatures vanquished.

Grand Total: 225 creatures vanquished

Notes
Turn   | Place    | Note
-------+----------+-------------------------------------------
     0 | D:1      | Flugkiller the Vine Stalker Ice Elementalist began the
                  | quest for the Orb.
     0 | D:1      | Reached XP level 1. HP: 9/9 MP: 4/4
    49 | D:2      | Found an opulent altar of Gozag.
    83 | D:2      | Reached XP level 2. HP: 13/13 MP: 1/6
   184 | D:3      | Found Mauph's Magic Scroll Emporium.
   212 | D:3      | Reached skill level 3 in Spellcasting
   212 | D:3      | Reached XP level 3. HP: 3/16 MP: 0/8
   225 | D:3      | Learned a level 3 spell: Frozen Ramparts
   302 | D:3      | Reached XP level 4. HP: 20/21 MP: 1/10
   434 | D:3      | Reached skill level 5 in Ice Magic
   448 | D:3      | Learned a level 3 spell: Summon Ice Beast
   516 | D:3      | Found a runed translucent door.
   517 | D:3      | Noticed Crazy Yiuf
   524 | D:3      | Killed Crazy Yiuf
   525 | D:3      | Reached skill level 4 in Spellcasting
   525 | D:3      | Reached XP level 5. HP: 24/24 MP: 4/12
   676 | D:4      | Learned a level 3 spell: Ozocubu's Armour
   682 | D:4      | Identified the +6 flail "Guegoh" {venom, Will+ Str-2 Dex+2}
   778 | D:4      | Noticed a phantom
   782 | D:5      | Entered Level 5 of the Dungeon
   782 | D:5      | Noticed Sigmund
   786 | D:5      | Noticed a water moccasin
   801 | D:5      | Reached XP level 6. HP: 26/28 MP: 3/13
   812 | D:5      | Killed Sigmund
   813 | D:5      | Reached skill level 5 in Spellcasting
   813 | D:5      | Reached XP level 7. HP: 11/32 MP: 0/16
   889 | D:5      | Noticed Edmund
   908 | D:5      | Reached skill level 6 in Spellcasting
   990 | D:4      | Learned a level 1 spell: Apportation
  1196 | D:5      | Killed Edmund
  1197 | D:5      | Gained mutation: You have razor-sharp teeth. [Vine Stalker
                  | growth]
  1197 | D:5      | Reached XP level 8. HP: 3/36 MP: 0/19
  1215 | D:6      | Noticed Grinder
  1288 | D:6      | Noticed Eustachio
  1297 | D:6      | Reached skill level 7 in Spellcasting
  1322 | D:6      | Killed Eustachio
  1355 | D:6      | Noticed Jeremiah
  1379 | D:6      | Killed Jeremiah
  1384 | D:6      | Reached XP level 9. HP: 29/45 MP: 5/20
  1646 | D:6      | Killed Grinder
  1653 | D:6      | Reached skill level 8 in Spellcasting
  1841 | D:7      | Found a staircase to the Ecumenical Temple.
  1847 | Temple   | Entered the Ecumenical Temple
  1858 | Temple   | Became a worshipper of Sif Muna the Loreminder
  1874 | D:7      | Noticed Dowan
  1874 | D:7      | Noticed Duvessa
  1882 | D:7      | Reached skill level 1 in Invocations
  1890 | D:7      | Killed Duvessa
  1892 | D:7      | Killed Dowan
  1893 | D:7      | Reached skill level 9 in Spellcasting
  1915 | D:7      | Noticed Joseph
  1916 | D:7      | Noticed Pikel
  1923 | D:7      | Killed Pikel
  1934 | D:7      | Reached XP level 10. HP: 46/49 MP: 16/24
  1944 | D:7      | Killed Joseph
  2004 | D:7      | Reached skill level 10 in Spellcasting
  2008 | D:7      | Found an iron altar of Okawaru.
  2016 | D:7      | Reached * piety under Sif Muna
  2017 | D:7      | Reached skill level 5 in Invocations
  2166 | D:9      | Noticed a fire dragon
  2276 | D:9      | Reached skill level 1 in Summonings
  2432 | D:8      | Noticed Grum
  2437 | D:8      | Reached skill level 5 in Fighting
  2457 | D:8      | Killed Grum
  2468 | D:8      | Found a shadowy altar of Dithmenos.
  2471 | D:8      | Found an ancient bone altar of Kikubaaqudgha.
  2474 | D:8      | Found a blossoming altar of Fedhas.
  2477 | D:8      | Found a bloodstained altar of Trog.
  2523 | D:9      | You fall into a shaft and drop 1 floor!
  2523 | D:10     | Entered Level 10 of the Dungeon
  2593 | D:10     | Noticed a two-headed ogre
  2624 | D:10     | Killed a two-headed ogre
  2625 | D:10     | Reached XP level 11. HP: 55/55 MP: 3/26
  2654 | D:10     | Noticed Erica
  2706 | D:10     | Reached ** piety under Sif Muna
  2731 | D:10     | Reached skill level 5 in Summonings
  2771 | D:10     | Killed Erica
  2772 | D:10     | Reached skill level 11 in Spellcasting
  2783 | D:10     | Learned a level 6 spell: Summon Cactus Giant
  2951 | D:10     | Noticed Psyche
  2956 | D:10     | Killed Psyche
  3126 | D:11     | Noticed a manticore
  3139 | D:11     | Killed a manticore
  3218 | D:11     | Found a staircase to the Orcish Mines.
  3221 | D:11     | Reached *** piety under Sif Muna
  3293 | D:11     | HP: 2/55 [warg (4)]
  3338 | D:11     | Noticed a manticore
  3353 | D:11     | Noticed a nameless horror
  3354 | D:11     | Noticed a nameless horror
  3355 | D:11     | Quit the game

Illustrated notes

Levels and vault maps discovered:
D:1:      minmay_arrival_three_doors, layout_basic
D:2:      layout_rooms, basic_altar, minmay_circle_x
D:3:      layout_loops_corners, serial_shops, shop, uniq_ijyb,
          uniq_crazy_yiuf_cottage
D:4:      layout_rooms
D:5:      layout_cave_pools, uniq_sigmund, uniq_edmund
D:6:      minmay_general_purpose_star, layout_basic, chequers_garden,
          st_stairs_2, roderic_batcave, minmay_misc_feat_iff,
          nicolae_figureground_pulse, uniq_jeremiah, uniq_eustachio,
          uniq_grinder
D:7:      layout_loops_corners, okawaru_trees_2, minmay_temple_entry_arrows,
          grunt_potential, uniq_pikel, uniq_duvessa, uniq_joseph
D:8:      layout_loops_corners, grunt_temple_overflow_cloverleaf, uniq_grum
D:9:      layout_roguey, nicolae_ru_path_of_blood,
          nicolae_yredelemnul_corpse_copse, evilmike_ruin_ashenzari,
          chequers_serial_rivers_room_a
D:10:     layout_basic, erik_lair_dragon, uniq_psyche, uniq_erica
D:11:     layout_rooms, erik_orc_4, nicolae_trove_entry_crystal
Temple:   eino_temple_water

Skill      XL: |  1  2  3  4  5  6  7  8  9 10 11 |
---------------+----------------------------------+-----
Spellcasting   | 3 4 5 6 7 9 10 11 | 11.5
Ice Magic      | 5 6 7 8 |  8.0
Fighting       | 4 5 |  5.0
Dodging        | 2 4 |  4.0
Invocations    | 3 6 7 |  7.0
Summonings     | 4 7 |  7.5
Stealth        | |  2.4

Action                     |  1- 3 |  4- 6 |  7- 9 | 10-12 || total
---------------------------+-------+-------+-------+-------++-------
  Melee: Short sword       |    32 |    22 |       |       ||    54
         Bite              |    10 |     8 |    37 |    53 ||   108
         Punch             |       |     1 |       |       ||     1
         Flail             |       |    14 |   120 |   132 ||   266
         Quarterstaff      |       |     4 |       |       ||     4
   Cast: Freeze            |    29 |    15 |     6 |       ||    50
         Frozen Ramparts   |       |     5 |    21 |    32 ||    58
         Summon Ice Beast  |       |     1 |    14 |    23 ||    38
         Ozocubu's Armour  |       |     1 |     9 |    13 ||    23
         Apportation       |       |       |    12 |       ||    12
  Evoke: Wand              |       |       |     5 |     1 ||     6
    Use: Potion            |     1 |     1 |     1 |     1 ||     4
         Scroll            |       |     5 |     3 |    11 ||    19
   Stab: Sleeping          |     1 |       |       |       ||     1
         Distracted        |       |       |     1 |     1 ||     2
 Armour: Robe              |    27 |    35 |    78 |       ||   140
         Leather armour    |       |       |    66 |    50 ||   116
         Troll leather arm |       |       |       |   126 ||   126
  Dodge: Dodged            |    29 |    40 |   154 |   128 ||   351
